 Dungeon Crawl Stone Soup version 0.23-a0-844-gdc03e01 (console) character file.

2 bli the Skirmisher (level 1, -18/18 HPs)
             Began as a Formicid Abyssal Knight on Jan 26, 2019.
             Was a Follower of Lugonu.
             Killed from afar by a jackal (20 damage)
             ... with an exploding inner flame
             ... hexed by the player character
             ... on level 1 of the Dungeon.
             The game lasted 00:02:06 (173 turns).

bli the Skirmisher (Formicid Abyssal Knight)         Turns: 173, Time: 00:02:06

Health: -18/18     AC:  3    Str: 16    XL:     1   Next: 44%
Magic:  1/2        EV: 11    Int: 11    God:    Lugonu [*.....]
Gold:   38         SH:  0    Dex: 10    Spells: 0/0 levels left

rFire    . . .     SeeInvis +   a - +1 falchion
rCold    . . .     Gourm    .   (no shield)
rNeg     . . .     Faith    .   b - +0 leather armour
rPois    .         Spirit   .   (helmet unavailable)
rElec    .         Reflect  .   (no cloak)
rCorr    .         Harm     .   (no gloves)
MR       .....                  (no boots)
Stlth    +.........             (no amulet)
HPRegen  0.06/turn              (no ring)
MPRegen  0.08/turn              (no ring)

@: no status effects
A: permanent stasis, dig shafts and tunnels, four strong arms, antennae 3
a: Dig, Shaft Self, Depart the Abyss, Renounce Religion


You were on level 1 of the Dungeon.
You worshipped Lugonu.
Lugonu was aware of your devotion.
You were not hungry.

You visited 1 branch of the dungeon, and saw 1 of its levels.
You visited the Abyss 1 time.

You collected 38 gold pieces.

Inventory:

Hand Weapons
 a - a +1 falchion (weapon)
 e - a +0 lajatang
Armour
 b - a +0 leather armour (worn)
Scrolls
 f - a scroll of identify
Comestibles
 c - a ration


   Skills:
 - Level 3.2 Fighting
 * Level 2.2 Long Blades
 - Level 2.1 Armour
 - Level 0.8 Dodging
 - Level 2.1 Invocations


You couldn't memorise any spells.
You didn't know any spells.
Your spell library was empty.

Dungeon Overview and Level Annotations

Branches:
Dungeon (1/15)

Altars:


Innate Abilities, Weirdness & Mutations

You cannot be hasted, slowed, berserked, paralysed or teleported.
You can dig through walls and to a lower floor.
Your four strong arms can wield two-handed weapons with a shield.
You have a pair of large antennae on your head. (SInv)


Message History

The jackal bites you.
* * * LOW HITPOINT WARNING * * *
The leopard gecko bites you but does no damage.
The jackal barely misses you. The rat bites you but does no damage.
The rat bites you.
* * * LOW HITPOINT WARNING * * *
As you read the scroll of immolation, it crumbles to dust.
The creatures around you are filled with an inner flame!
The jackal bites you but does no damage.
The jackal misses you. The leopard gecko barely misses you.
You riposte.
You closely miss the leopard gecko.
The jackal bites you but does no damage.
The jackal barely misses you. The rat closely misses you. x2
You hit the rat.
The rat explodes!
The fiery explosion engulfs the leopard gecko!!
The leopard gecko explodes!
The fiery explosion engulfs the jackal!!
The jackal explodes!
The fiery explosion engulfs you!!
Ouch! That really hurt!
You die...

..... .....
..... .....
.....# #..?..
......###......
...............
#.........#
#..h§r§.#
#.§§@§§.#
#.§§§hh.#
#...§§....#
....r........K.
......###......
.....# #.....
..... .....
..... .....


You could see 3 jackals, a kobold (inner flame) and 2 rats.

Vanquished Creatures
  A jackal (D:1)
  A bat (D:1)
  A rat (D:1)
3 creatures vanquished.

Notes
Turn   | Place    | Note
-------+----------+-------------------------------------------
     0 | Abyss:1  | bli the Formicid Abyssal Knight began the quest for the
                  | Orb.
     0 | Abyss:1  | Reached XP level 1. HP: 18/18 MP: 2/2
    10 | Abyss:1  | Found a corrupted altar of Lugonu.
    41 | Abyss:1  | Noticed a large abomination
    74 | Abyss:2  | Noticed a large abomination
    96 | Abyss:2  | Noticed a spatial vortex
   143 | Abyss:3  | Noticed an orange demon
   143 | Abyss:3  | Noticed an ice beast
   159 | Abyss:3  | Found a sparkling altar of Nemelex Xobeh.
   163 | Abyss:3  | Noticed a neqoxec
   164 | Abyss:3  | Noticed a large abomination
   165 | D:1      | Escaped the Abyss
   168 | D:1      | Reached * piety under Lugonu
   173 | D:1      | Killed from afar by a jackal

Vault maps used:
D:1:      minmay_arrival_four_circles

Action                   || total
-------------------------++-------
Melee: Falchion          ||     6
Invok: Depart the Abyss  ||     1
 Abil: Dig               ||     3
  Use: Scroll            ||     2
Armor: Leather armour    ||     8
Dodge: Dodged            ||    19
       Rpst.: Falchion   ||     3

Table legend:
 A = Non-vault XP
 B = Vault XP
 C = Vault XP percentage of total XP
 D = Non-vault monster count
 E = Vault monster count
 F = Vault count percentage of total count
                 A         B        C        D         E       F
            +---------+---------+-------+---------+---------+-------
      Total |       4 |       0 |   0.0 |       3 |       0 |   0.0
            +---------+---------+-------+---------+---------+-------
        D:1 |       4 |       0 |   0.0 |       3 |       0 |   0.0
            +---------+---------+-------+---------+---------+-------
